 Dungeon Crawl Stone Soup version 0.18.1-1-g2f07953 (webtiles) character file.

1920 varam the Grappler (level 8, -5/68 HPs)
             Began as a Troll Transmuter on May 6, 2016.
             Was an Initiate of Cheibriados.
             Killed from afar by a centaur (20 damage)
             ... with a wand of lightning
             ... on level 6 of the Dungeon.
             The game lasted 00:23:58 (6009 turns).

varam the Grappler (Troll Transmuter)               Turns: 6009, Time: 00:23:58

Health: -5/68      AC:  7    Str: 21    XL:     8   Next: 95%
Magic:  3/13       EV:  9    Int: 10    God:    Cheibriados [......]
Gold:   215        SH:  0    Dex: 15    Spells: 3 memorised, 9 levels left

rFire  . . .     SeeInvis .       - Unarmed
rCold  . . .     Gourm    +     b - +0 robe
rNeg   . . .     Faith    .     (no shield)
rPois  .         Spirit   .     (helmet restricted)
rElec  .         Dismiss  .     (no cloak)
rCorr  .         Reflect  .     (gloves unavailable)
SustAt .         Harm     .     (boots unavailable)
MR     .....     Rnd*Rage +     (no amulet)
Stlth  +......... Rnd*Tele +    F - +5 ring of slaying
                                r - +3 ring of dexterity

@: very slightly contaminated, drained, very slow, not resistant to hostile
enchantments, very unstealthy
A: unfitting armour, claws 3, yellow scales 1, berserk 1, blurry vision 1, fast
metabolism 3, gourmand, regeneration 2, shaggy fur 1, teleportitis 1, tough skin
2
a: Bend Time, Renounce Religion


You were on level 6 of the Dungeon.
You worshipped Cheibriados.
Cheibriados was noncommittal.
You were not hungry.

You visited 2 branches of the dungeon, and saw 8 of its levels.

You collected 215 gold pieces.

Inventory:

Missiles
 a - 21 arrows
Armour
 b - a +0 robe (worn)
 A - a +2 cloak of invisibility
Jewellery
 r - a +3 ring of dexterity (left claw)
 y - an uncursed ring of ice
 F - a +5 ring of slaying (right claw)
Wands
 s - a wand of iceblast (8/15)
Scrolls
 g - 8 scrolls of identify {unknown}
 o - a scroll of noise {unknown}
 p - 2 scrolls of remove curse {unknown}
 q - 2 scrolls of recharging {unknown}
 t - a scroll of enchant armour {unknown}
 u - a scroll of fear {unknown}
 v - a scroll of fog {unknown}
 w - a scroll of amnesia {unknown}
 x - a scroll of immolation {unknown}
 C - a scroll of random uselessness {unknown}
Potions
 e - 2 potions of lignification {unknown}
 f - a potion of mutation {unknown}
 h - a potion of might {unknown}
 j - 4 potions of curing
 l - 3 potions of flight {unknown}
 m - 2 potions of heal wounds {unknown}
 n - a potion of haste {unknown}
 B - a potion of brilliance {unknown}
Books
 c - a book of Changes

   Spells                             Type                      Level
   a - Beastly Appendage              Transmutation                1
   b - Sticks to Snakes               Transmutation                2
   c - Spider Form                    Transmutation/Poison         3
   d - Ice Form                       Ice/Transmutation            4
   e - Blade Hands                    Transmutation                5
 z - a book of Frost

   Spells                             Type                      Level
   a - Freeze                         Ice                          1
   b - Throw Frost                    Conjuration/Ice              2
   c - Ozocubu's Armour               Charms/Ice                   3
   d - Throw Icicle                   Conjuration/Ice              4
   e - Summon Ice Beast               Ice/Summoning                4
Comestibles
 d - 2 bread rations
 i - 2 beef jerkies
 k - 4 meat rations
 D - a royal jelly
 E - 5 fruits


   Skills:
 - Level 0.7(0.0) Fighting
 - Level 1.5(0.8) Dodging
 + Level 8.1(7.2) Unarmed Combat
 + Level 4.3(3.4) Spellcasting
 + Level 4.7(3.9) Transmutations


You had 9 spell levels left.
You knew the following spells:

 Your Spells              Type           Power        Failure   Level  Hunger
a - Beastly Appendage     Trmt           #.....       8%          1    #......
b - Sticks to Snakes      Trmt           #.......     10%         2    ###....
c - Spider Form           Trmt/Pois      #.........   38%         3    ###....


Dungeon Overview and Level Annotations

Branches:
Dungeon (7/15)             Temple (1/1) D:7

Altars:
Ashenzari
Cheibriados
Dithmenos
Elyvilon
Gozag
Kikubaaqudgha
Makhleb
Nemelex Xobeh
Okawaru
Pakellas
Qazlal
Ru
Trog
Vehumet
Yredelemnul
Zin

Shops:
D:4 %

Annotations:
D:3 barb4r1an's ghost, novice GrBe
D:4 barb4r1an's ghost, novice GrBe


Innate Abilities, Weirdness & Mutations

You are too large for most types of armour.
You have claws for hands.
Your metabolism is lightning-fast.
You like to eat raw meat.
You heal very quickly.
You are covered in fur (AC +1).
You have very tough skin (AC +2).
You are partially covered in yellow scales (AC +2).
You tend to lose your temper in combat.
Scrolls take you a little longer to read.
You are occasionally teleported next to monsters.


Message History

The centaur shoots an arrow.
The arrow hits you.
* * * LOW HITPOINT WARNING * * *
You see here an arrow.
Casting: Beastly Appendage
Confirm with . or Enter, or press ? or * to list all spells.
You miscast Spider Form.
You are very lightly contaminated with residual magic.
Nothing appears to happen.
Casting: Spider Form
Confirm with . or Enter, or press ? or * to list all spells.
You miscast Spider Form.
Wisps of poison gas drift from your claws.
Casting: Spider Form
Confirm with . or Enter, or press ? or * to list all spells.
You miscast Spider Form.
You feel weak for a moment.
Casting: Spider Form
Confirm with . or Enter, or press ? or * to list all spells.
You miscast Beastly Appendage.
Nothing appears to happen.
The centaur zaps a wand.
The bolt of lightning hits you!
You die...

#.######### #...##.# #.........#
#...##.## #########.# ######..#
#.# ##.## # #.# #..#
...g############.###########.####
......).(c..((.c.................
a...############(############.###
g #@##).......##.#
#.##........##.###
#.##........##.##.
#.##........####..
#.##........###..#
#.##._......#.'...
#.##........'.'..#
#.##........#.#..#
#.##........#.##..


You could see a centaur.

Vanquished Creatures
  Sigmund (D:5)
  A water moccasin (D:6)
  An orc warrior (D:6)
  2 sky beasts
  A black bear (D:7)
  An ogre (D:6)
  2 centaurs
  2 giant frogs
  A wyvern skeleton (D:7)
  A scorpion (D:7)
  5 wights
  2 crimson imps (D:7)
  4 hounds
  Crazy Yiuf (D:7)
  3 orc wizards
  2 worker ants
  A hound zombie (D:6)
  A howler monkey skeleton (D:7)
  10 gnolls
  4 adders
  2 worms (D:2)
  4 dart slugs
  8 giant geckos
  10 orcs
  9 bats
  3 giant cockroaches
  4 goblins
  3 hobgoblins
  3 jackals (D:5)
  4 quokkas
  2 ball pythons (D:1)
  A giant newt (D:6)
  11 kobolds
  A quokka skeleton (D:6)
  A quokka zombie (D:6)
  6 rats
  A spectral orc (D:3)
119 creatures vanquished.

Vanquished Creatures (others)
  A gnoll (D:6)
1 creature vanquished.

Grand Total: 120 creatures vanquished

Notes
Turn   | Place    | Note
--------------------------------------------------------------
     0 | D:1      | varam the Troll Transmuter began the quest for the Orb.
     0 | D:1      | Reached XP level 1. HP: 18/18 MP: 1/1
   574 | D:1      | Reached XP level 2. HP: 26/26 MP: 1/3
  1183 | D:2      | Reached XP level 3. HP: 30/32 MP: 1/4
  1591 | D:2      | Reached XP level 4. HP: 32/40 MP: 3/6
  1595 | D:2      | Learned a level 2 spell: Sticks to Snakes
  1599 | D:2      | Learned a level 3 spell: Spider Form
  2187 | D:3      | Found an oddly glowing altar of Pakellas.
  2255 | D:3      | Noticed barb4r1an's ghost (novice GrBe)
  2295 | D:4      | Found Niron's Food Boutique.
  2451 | D:4      | Reached XP level 5. HP: 42/46 MP: 1/7
  2452 | D:4      | Noticed barb4r1an's ghost (novice GrBe)
  2647 | D:3      | Found a basalt altar of Yredelemnul.
  2832 | D:3      | Found a shattered altar of Ashenzari.
  2919 | D:3      | Found a burning altar of Makhleb.
  3525 | D:4      | You fall through a shaft for 3 floors!
  3525 | D:7      | Found a shadowy altar of Dithmenos.
  3729 | D:6      | Noticed a water moccasin
  3740 | D:6      | Killed a water moccasin
  3740 | D:6      | Reached skill level 4 in Unarmed Combat
  3740 | D:6      | Reached XP level 6. HP: 44/54 MP: 1/9
  3776 | D:5      | Entered Level 5 of the Dungeon
  4039 | D:5      | Noticed Sigmund
  4048 | D:5      | Killed Sigmund
  4065 | D:5      | Reached skill level 5 in Unarmed Combat
  4067 | D:5      | Reached XP level 7. HP: 61/61 MP: 6/10
  4168 | D:5      | Found an iron altar of Okawaru.
  4321 | D:7      | Found a white marble altar of Elyvilon.
  4356 | D:7      | Reached skill level 6 in Unarmed Combat
  4449 | D:7      | Reached XP level 8. HP: 55/68 MP: 8/12
  4910 | D:7      | Reached skill level 7 in Unarmed Combat
  4920 | D:7      | Found an opulent altar of Gozag.
  4983 | D:7      | Noticed Crazy Yiuf
  4991 | D:7      | Killed Crazy Yiuf
  5068 | D:7      | Found a staircase to the Ecumenical Temple.
  5077 | Temple   | Entered the Ecumenical Temple
  5127 | Temple   | Became a worshipper of Cheibriados the Contemplative
  5150 | D:7      | Found a stormy altar of Qazlal.
  5405 | D:6      | Found a sacrificial altar of Ru.
  5780 | D:6      | Reached skill level 8 in Unarmed Combat
  5834 | D:6      | Gained mutation: You tend to lose your temper in combat. [mutagenic meat]
  5835 | D:6      | Gained mutation: Scrolls take you a little longer to read. [mutagenic meat]
  5837 | D:6      | Gained mutation: You are occasionally teleported next to monsters. [mutagenic meat]
  5838 | D:6      | Gained mutation: You are partially covered in yellow scales (AC +2). [mutagenic meat]
  6009 | D:6      | Killed from afar by a centaur

Skill      XL: |  1  2  3  4  5  6  7  8 |
---------------+-------------------------+-----
Transmutations | 2 3 4 |  4.7
Spellcasting   | 2 3 4 |  4.3
Unarmed Combat | 4 5 6 8 |  8.1
Fighting       | |  0.7
Dodging        | |  1.5

Action                   |  1- 3 |  4- 6 |  7- 9 || total
-------------------------+-------+-------+-------++-------
Melee: Unarmed           |    86 |   172 |   164 ||   422
       Kick              |     3 |     6 |       ||     9
       Headbutt          |     2 |     5 |     3 ||    10
       Punch             |       |       |     2 ||     2
 Cast: Beastly Appendage |    22 |    26 |     4 ||    52
       Spider Form       |       |     7 |    19 ||    26
  Eat: Chunk             |    19 |    27 |    15 ||    61
       Bread ration      |       |       |     2 ||     2
Armor: Robe              |    35 |    57 |    11 ||   103
       Skin              |       |       |    10 ||    10
Dodge: Dodged            |    40 |   103 |   107 ||   250
